[Event "ICCopen2017"]
[Site "Internet Chess Club"]
[Date "2017.03.19"]
[Round "1"]
[White "qs16"]
[Black "A4-H5"]
[Result "0-1"]
[ICCResult "White resigns"]
[WhiteElo "1344"]
[BlackElo "1902"]
[Opening "Old Benoni defense"]
[ECO "A43"]
[NIC "OI.09"]
[Time "19:00:55"]
[TimeControl "180+0"]

1. d4 c5 2. c3 Nf6 3. Nd2 g6 4. e3 Bg7 5. Bd3 O-O 6. f4 d6 7. Ngf3 Bg4 8.
O-O Nc6 9. Qe1 Rb8 10. a3 b5 11. h3 Bxf3 12. Nxf3 a5 13. Qe2 b4 14. axb4
axb4 15. Bd2 Nh5 16. Qf2 bxc3 17. Bxc3 Nb4 18. Bc4 d5 19. Be2 cxd4 20. Bxd4
Nc2 21. Ne5 Nxd4 22. exd4 Nf6 23. Rfb1 Ne4 24. Qe3 Qb6 25. b4 g5 26. b5 gxf4
27. Qd3 Bxe5 28. Ra6 Qxd4+ 29. Qxd4 Bxd4+ 30. Kh2 Be5 31. Bf3 Nc3 32. Rb3
Rxb5 33. Rba3 e6 34. Rc6 d4 35. Rc4 Rb2 36. h4 Ne2 37. Bxe2 f3+ 38. Kh3 fxe2
39. Rc1 Rfb8 40. Re1 R8b3+ 41. Rxb3 Rxb3+ 42. Kg4 Rg3+ 43. Kh5 d3 44. Rb1
Kg7 45. Rg1 f5 46. Rd1 Kf6 47. Re1 Rxg2 48. Kh6 Rh2 49. Kxh7 Rxh4+ 50. Kg8
Ke7 51. Rh1 Rg4+ 52. Kh7 d2 53. Kh6 Rg8 54. Kh7 Rh8+ 55. Kg6 Rxh1 56. Kg5
e1=R {White resigns} 0-1

[Event "ICCopen2017"]
[Site "Internet Chess Club"]
[Date "2017.03.19"]
[Round "1"]
[White "Chaos23"]
[Black "Anday"]
[Result "1-0"]
[ICCResult "Black checkmated"]
[WhiteElo "1884"]
[BlackElo "1364"]
[Opening "Sicilian: Nimzovich-Rossolimo attack (without ...d6)"]
[ECO "B30"]
[NIC "SI.31"]
[Time "19:01:48"]
[TimeControl "180+0"]

1. e4 c5 2. Nf3 Nc6 3. Bb5 Nd4 4. Nxd4 cxd4 5. O-O a6 6. Bc4 b5 7. Bd5 Rb8
8. c3 e6 9. Bb3 dxc3 10. Nxc3 Be7 11. d4 Bb7 12. d5 d6 13. dxe6 fxe6 14.
Bxe6 Nf6 15. Re1 Bc8 16. Bb3 Bg4 17. Qd4 Bh5 18. Bf4 Bf7 19. Bxf7+ Kxf7 20.
e5 dxe5 21. Qxe5 Rb6 22. Rad1 Qe8 23. Qc7 Re6 24. Rxe6 Kxe6 25. Qb6+ Kf7 26.
Qxa6 Qc8 27. Qxb5 Rd8 28. Qb3+ Kf8 29. h3 Rxd1+ 30. Qxd1 Qb7 31. Qd2 Kf7 32.
Be5 Qb4 33. a3 Qb3 34. Bxf6 Bxf6 35. Qd5+ Qxd5 36. Nxd5 Bxb2 37. a4 Bd4 38.
Kf1 Ke6 39. Nf4+ Kd6 40. Ke2 Kc6 41. Ne6 Bf6 42. Kd3 Kb6 43. Kc4 Ka5 44. Nc5
Be7 45. Ne4 Kxa4 46. Kd5 Bh4 47. Ke6 Kb4 48. Kf7 g6 49. Kg7 Kc4 50. Kxh7 Kd4
51. Ng3 g5 52. Kh6 Ke5 53. Kh5 Kf4 54. Nh1 Kf5 55. g3 Bxg3 56. fxg3 Kf6 57.
Nf2 Kf5 58. Nd3 Kf6 59. Kg4 Kg6 60. Nf2 Kf6 61. Ne4+ Ke5 62. Nxg5 Kf6 63. h4
Kg6 64. h5+ Kh6 65. Kh4 Kg7 66. g4 Kh6 67. Ne4 Kg7 68. g5 Kh7 69. g6+ Kg7
70. Kg4 Kh6 71. Kh4 Kg7 72. Kg5 Kg8 73. h6 Kh8 74. g7+ Kh7 75. Nf6#
{Black checkmated}
1-0

[Event "ICCopen2017"]
[Site "Internet Chess Club"]
[Date "2017.03.19"]
[Round "1"]
[White "x22"]
[Black "croder"]
[Result "1-0"]
[ICCResult "Black forfeits on time"]
[WhiteElo "2367"]
[BlackElo "1570"]
[Opening "Philidor's defense"]
[ECO "C41"]
[NIC "KP.10"]
[Time "19:01:35"]
[TimeControl "180+0"]

1. e4 e5 2. Nf3 d6 3. Bc4 Be6 4. Bxe6 fxe6 5. d4 exd4 6. Nxd4 Qe7 7. O-O Nf6
8. Nc3 Nbd7 9. f4 O-O-O 10. Kh1 h6 11. f5 e5 12. Ne6 Re8 13. Nd5 Qf7 14. Qd3
c6 15. Nxf6 gxf6 16. c4 Nc5 17. Qc2 Rxe6 18. b4 Re8 19. bxc5 dxc5 20. Rb1
Re7 21. Be3 Rc7 22. Qa4 a6 23. Rb3 h5 24. Rfb1 Bh6 25. Bxc5 Bf4 26. Bd6 Rh7
27. Qa5 h4 28. h3 Qg7 29. Rxb7 Rxb7 30. Qxa6 Qg3 31. Qxc6+ Kd8 32. Bc7+
Rhxc7 33. Rd1+ Ke7 34. Qe6+ Kf8 35. Rd8+ Kg7 36. Rg8+ Kh6 37. Qxf6+ Kh5 38.
Rh8+ Rh7 39. Rxh7+ Rxh7 40. Qg6+ {Black forfeits on time} 1-0

[Event "ICCopen2017"]
[Site "Internet Chess Club"]
[Date "2017.03.19"]
[Round "1"]
[White "Shadeath"]
[Black "refid"]
[Result "1-0"]
[ICCResult "Black resigns"]
[WhiteElo "2910"]
[BlackElo "1788"]
[Opening "Ruy Lopez: Berlin defense, Kaufmann variation"]
[ECO "C65"]
[NIC "RL.07"]
[Time "19:00:52"]
[TimeControl "180+0"]

1. e4 e5 2. Nf3 Nc6 3. Bb5 Nf6 4. d3 Bc5 5. Be3 Bxe3 6. fxe3 d6 7. Nbd2 O-O
8. O-O Bd7 9. a3 Na5 10. Bxd7 Qxd7 11. Qe1 Nc6 12. Nh4 Kh8 13. Nf5 Ne7 14.
Qh4 Nxf5 15. Rxf5 Qe6 16. Raf1 Rae8 17. Nf3 Qe7 18. Ng5 h6 19. Rxf6 Kg8 20.
Qg4 hxg5 21. Qxg5 Kh7 22. R1f3 Qxf6 23. Rxf6 gxf6 24. Qxf6 Re6 25. Qh4+ Kg7
26. Qg4+ Kf6 27. h4 Ke7 28. g3 Rg6 29. Qf3 Rfg8 30. Kg2 Ke6 31. Qf5+ Ke7 32.
Qf3 c6 33. Kh3 f6 34. h5 Rg5 35. g4 Kf7 36. a4 Kg7 37. b4 Kf7 38. a5 Ke7 39.
c4 Kf7 40. d4 Ke7 41. b5 cxb5 42. cxb5 Rxg4 43. Qxg4 Rxg4 44. Kxg4 exd4 45.
exd4 Ke6 46. h6 Kf7 47. Kf5 b6 48. a6 Ke7 49. h7 {Black resigns} 1-0

[Event "ICCopen2017"]
[Site "Internet Chess Club"]
[Date "2017.03.19"]
[Round "1"]
[White "TrendFriend"]
[Black "Kusemaestro"]
[Result "1-0"]
[ICCResult "Black forfeits on time"]
[WhiteElo "2452"]
[BlackElo "1592"]
[Opening "Alekhine's defense: modern, Larsen variation"]
[ECO "B04"]
[NIC "AL.05"]
[Time "19:01:48"]
[TimeControl "180+0"]

1. e4 Nf6 2. e5 Nd5 3. d4 d6 4. Nf3 dxe5 5. Nxe5 c6 6. g3 Nd7 7. Nf3 g6 8.
Bg2 Bg7 9. O-O O-O 10. Re1 b5 11. c3 Re8 12. Nbd2 e5 13. dxe5 Nxe5 14. Nxe5
Rxe5 15. Rxe5 Bxe5 16. Nf3 Bf6 17. Bh6 Be6 18. Qd2 Qc7 19. Nd4 Re8 20. Nxe6
Rxe6 21. Bxd5 Rd6 22. Bf4 Rxd5 23. Qxd5 Qxf4 24. Qxc6 Qf5 25. Re1 b4 26.
cxb4 Bxb2 27. Qe4 Qf6 28. Kg2 Bd4 29. Re2 Kg7 30. a4 h5 31. h4 Bc3 32. b5
Bd4 33. a5 Kh7 34. Qf4 Qxf4 35. gxf4 Kg7 36. Re4 {Black forfeits on time}
1-0

[Event "ICCopen2017"]
[Site "Internet Chess Club"]
[Date "2017.03.19"]
[Round "1"]
[White "airantrobo"]
[Black "Voltage"]
[Result "0-1"]
[ICCResult "White checkmated"]
[WhiteElo "1572"]
[BlackElo "2375"]
[Opening "Réti opening"]
[ECO "A04"]
[NIC "QP.11"]
[Time "19:01:45"]
[TimeControl "180+0"]

1. Nf3 e6 2. b3 Nf6 3. Bb2 Be7 4. c4 O-O 5. g3 d5 6. Bg2 c5 7. O-O Nc6 8. d4
b6 9. dxc5 Bxc5 10. cxd5 Nxd5 11. Nc3 Bb7 12. Rc1 Nxc3 13. Bxc3 Ne7 14. Qc2
g6 15. Rfd1 Qc7 16. Be5 Qc8 17. Bf6 Nd5 18. Be5 Qe8 19. Qd2 f6 20. Bb2 Qf7
21. Nd4 Rfd8 22. Qh6 Bf8 23. Qh3 f5 24. Nf3 h6 25. Ne5 Qh7 26. Rc2 Rac8 27.
Rdc1 Rxc2 28. Rxc2 Bd6 29. Nc4 Bf8 30. Qh4 g5 31. Qd4 Bg7 32. Qd2 Bxb2 33.
Nxb2 Qe7 34. Bxd5 Bxd5 35. Qc3 Qg7 36. Nd3 Qxc3 37. Rxc3 Be4 38. Ne5 Rd1#
{White checkmated}
0-1

[Event "ICCopen2017"]
[Site "Internet Chess Club"]
[Date "2017.03.19"]
[Round "1"]
[White "fishbein"]
[Black "chigato"]
[Result "1-0"]
[ICCResult "Black resigns"]
[WhiteElo "2642"]
[BlackElo "1672"]
[Opening "Caro-Kann defense"]
[ECO "B15"]
[NIC "CK.05"]
[Time "19:02:15"]
[TimeControl "180+0"]

1. e4 c6 2. d4 d5 3. Nc3 Be6 4. Nf3 Qd7 5. Be2 f6 6. O-O Bf7 7. Re1 e6 8. e5
f5 9. Bf1 h6 10. h4 Be7 11. Ne2 c5 12. dxc5 Bxc5 13. Ned4 Nc6 14. c3 Nge7
15. Be3 Nxd4 16. Bxd4 Bb6 17. Bxb6 axb6 18. Nd4 Nc6 19. Qd2 O-O 20. Qf4 Kh7
21. Nb5 Qe7 22. Nd6 Bh5 23. Bd3 b5 24. Nxb5 Na5 25. Nd4 Nc4 26. b3 Na5 27.
g3 Nc6 28. Nb5 Rg8 29. Nd6 g5 30. hxg5 hxg5 31. Qe3 Raf8 32. b4 Bg6 33. b5
Na5 34. f4 gxf4 35. Qxf4 Kg7 36. Kf2 Rh8 37. Rh1 Nc4 38. Bxc4 dxc4 39. Rae1
Rxh1 40. Rxh1 Rh8 41. Rxh8 Kxh8 42. Qh4+ Kg8 43. Qxe7 {Black resigns} 1-0

[Event "ICCopen2017"]
[Site "Internet Chess Club"]
[Date "2017.03.19"]
[Round "1"]
[White "FiveCardDraw"]
[Black "Mercury"]
[Result "1/2-1/2"]
[ICCResult "Black ran out of time and White has no material to mate"]
[WhiteElo "1528"]
[BlackElo "2257"]
[Opening "King's Indian: Semi-Averbakh system"]
[ECO "E73"]
[NIC "KI.32"]
[Time "19:00:43"]
[TimeControl "180+0"]

1. d4 Nf6 2. c4 g6 3. Nc3 Bg7 4. e4 O-O 5. Be2 d6 6. Be3 c5 7. d5 e6 8. g4
exd5 9. exd5 Re8 10. g5 Ne4 11. h4 Nxc3 12. bxc3 Bxc3+ 13. Kf1 Bxa1 14. Qxa1
Nd7 15. h5 Rxe3 16. hxg6 Re5 17. gxh7+ Kh8 18. f4 f6 19. fxe5 Nxe5 20. Nf3
Bg4 21. Nxe5 Bxe2+ 22. Kxe2 fxe5 23. g6 Qg5 24. Qg1 Qxg1 25. Rxg1 Kg7 26.
Ke3 a6 27. a4 b5 28. axb5 axb5 29. cxb5 Rb8 30. Ke4 Rxb5 31. Kf5 c4 32. Rh1
Rb8 33. Rc1 Rc8 34. Rc3 e4 35. Kg5 Rc7 36. Kf5 Rc8 37. Kg5 Rc7 38. Kf4 Rc8
39. Kxe4 Kxg6 40. Rh3 Rh8 41. Kd4 Rxh7 42. Rxh7 Kxh7 43. Kxc4 Kg6 44. Kb5
Kf6 45. Kb6 Kf5 46. Kb5 Ke4 47. Kc6 Ke5 48. Kc7 Kxd5 49. Kd7 Ke5 50. Ke7 d5
51. Kf7 {Black ran out of time and White has no material to mate} 1/2-1/2

[Event "ICCopen2017"]
[Site "Internet Chess Club"]
[Date "2017.03.19"]
[Round "1"]
[White "wmanthony"]
[Black "Bojack"]
[Result "0-1"]
[ICCResult "White forfeits on time"]
[WhiteElo "1313"]
[BlackElo "1856"]
[Opening "French defense"]
[ECO "C11"]
[NIC "FR.05"]
[Time "19:01:54"]
[TimeControl "180+0"]

1. e4 e6 2. d4 d5 3. Nc3 Nf6 4. Bg5 Nc6 5. e5 h6 6. Bxf6 gxf6 7. Nf3 fxe5 8.
Nxe5 Nxe5 9. dxe5 Bb4 10. a3 Bxc3+ 11. bxc3 Qg5 12. Qd4 b6 13. Bb5+ Bd7 14.
Bxd7+ Kxd7 15. O-O Rhg8 16. g3 Qg4 17. Qxg4 Rxg4 18. f4 h5 19. Kf2 h4 20.
Rg1 Rag8 21. Kf3 Kc6 22. a4 a5 23. Rab1 Kc5 24. Rb3 R4g6 25. Rbb1 Kc4 26.
Rb3 f6 27. exf6 Rxf6 28. Re1 Rfg6 29. Rg1 hxg3 30. Rxg3 Rxg3+ 31. hxg3 Rh8
32. g4 Rf8 33. Kg3 Re8 34. g5 e5 35. fxe5 Rxe5 36. Kg4 Re2 37. g6 Rxc2 38.
Rb1 Rg2+ 39. Kf5 Kxc3 40. Kf6 Kc2 41. Ra1 Kb2 {White forfeits on time} 0-1

[Event "ICCopen2017"]
[Site "Internet Chess Club"]
[Date "2017.03.19"]
[Round "1"]
[White "fishmaster"]
[Black "habishek"]
[Result "1-0"]
[ICCResult "Black forfeits on time"]
[WhiteElo "1799"]
[BlackElo "1030"]
[Opening "Philidor's defense"]
[ECO "C41"]
[NIC "KP.08"]
[Time "19:02:04"]
[TimeControl "180+0"]

1. e4 e5 2. Nf3 d6 3. d4 Bg4 4. dxe5 Bxf3 5. Qxf3 dxe5 6. Bc4 Nf6 7. O-O Be7
8. Nc3 O-O 9. Qg3 Nc6 10. Bh6 Nh5 11. Qg4 Bf6 12. Qxh5 Qe7 13. Nd5 Qd6 14.
Be3 g6 15. Qf3 Bg7 16. Rad1 Rad8 17. Bg5 Rd7 18. Nf6+ {Black forfeits on
time} 1-0

[Event "ICCopen2017"]
[Site "Internet Chess Club"]
[Date "2017.03.19"]
[Round "1"]
[White "BestMate"]
[Black "ROWLAND"]
[Result "1-0"]
[ICCResult "Black checkmated"]
[WhiteElo "2125"]
[BlackElo "1463"]
[Opening "Trompowsky attack (Ruth, Opocenský opening)"]
[ECO "A45"]
[NIC "QP.07"]
[Time "19:01:00"]
[TimeControl "180+0"]

1. d4 Nf6 2. Bg5 e6 3. e4 Be7 4. Bxf6 Bxf6 5. f4 d5 6. e5 Be7 7. Nf3 O-O 8.
Bd3 c5 9. c3 Nc6 10. Nbd2 cxd4 11. cxd4 Qb6 12. Nb3 a5 13. a4 Bb4+ 14. Ke2
f5 15. h3 Qa7 16. Bb5 Bd7 17. Qd3 b6 18. Rac1 Rac8 19. Ke3 Nb8 20. Na1 Rxc1
21. Rxc1 Rc8 22. Rxc8+ Bxc8 23. Nc2 Qc7 24. g4 g6 25. Nxb4 axb4 26. Qd2 Nc6
27. Qc2 Bb7 28. Ng5 Qc8 29. gxf5 gxf5 30. Qg2 Qd7 31. Nxe6+ Kh8 32. Ng5 Qg7
33. Qg1 h6 34. Nf3 Qxg1+ 35. Nxg1 Na5 36. Kd3 Nc4 37. Bxc4 dxc4+ 38. Kxc4
Bg2 39. Kxb4 Kg7 40. Kb5 Kf7 41. Kxb6 Ke6 42. Kc5 h5 43. h4 Ba8 44. Ne2 Be4
45. Nc3 Ba8 46. b4 Bb7 47. d5+ Kd7 48. b5 Ba8 49. a5 Bb7 50. a6 Ba8 51. b6
Bc6 52. dxc6+ Kc8 53. Nd5 Kd8 54. Ne3 Ke8 55. Nxf5 Kf7 56. Ng3 Ke6 57. Nxh5
Kf7 58. Ng3 Kg6 59. Ne4 Kh6 60. a7 Kg7 61. b7 Kh7 62. c7 Kg6 63. Kc6 Kh6 64.
e6 Kg6 65. f5+ Kh5 66. Nd6 Kg4 67. Nc8 Kf4 68. b8=Q Kf3 69. a8=Q Kf2 70. Qb3
Ke2 71. Qaa2+ Ke1 72. Qbb1# {Black checkmated} 1-0

[Event "ICCopen2017"]
[Site "Internet Chess Club"]
[Date "2017.03.19"]
[Round "1"]
[White "findles"]
[Black "x-plica"]
[Result "0-1"]
[ICCResult "White forfeits on time"]
[WhiteElo "1824"]
[BlackElo "1330"]
[Opening "Old Benoni: Franco-Benoni defense"]
[ECO "C01"]
[NIC "FR.01"]
[Time "19:01:19"]
[TimeControl "180+0"]

1. e4 e6 2. d4 c5 3. d5 d6 4. Nc3 Be7 5. h3 Bf6 6. Nf3 Bxc3+ 7. bxc3 e5 8.
g4 a6 9. c4 Ne7 10. Bd3 Ng6 11. Bg5 Qa5+ 12. Kf1 Nf4 13. Bxf4 exf4 14. Qc1
Qc3 15. Kg2 h5 16. g5 f6 17. Qxf4 Nd7 18. Rab1 Ne5 19. gxf6 Nxf3 20. Kxf3
Rf8 21. Kg2 Rxf6 22. Qg3 Kf7 23. f4 Rg6 24. Qxg6+ Kxg6 25. Rb6 Qd2+ 26. Kf3
Kh7 27. Rxd6 b5 28. e5+ Kg8 29. Rd8+ Kf7 30. Rg1 Bg4+ 31. hxg4 Rxd8 32. gxh5
Rf8 33. d6 Ke8 34. Rg4 bxc4 35. Bg6+ Kd7 36. Be4 Qc3+ 37. Kg2 Qd2+ 38. Kf3
Qc3+ 39. Kg2 Qe3 40. Rxg7+ Kd8 41. Bf5 Rxf5 42. h6 Rxf4 43. h7 Qf2+ 44. Kh3
Qh4+ 45. Kg2 Rg4+ {White forfeits on time} 0-1

[Event "ICCopen2017"]
[Site "Internet Chess Club"]
[Date "2017.03.19"]
[Round "1"]
[White "Iamwell"]
[Black "KRASAVCHIK"]
[Result "0-1"]
[ICCResult "White checkmated"]
[WhiteElo "2007"]
[BlackElo "3315"]
[Opening "Scotch gambit: Dubois-Réti defense"]
[ECO "C55"]
[NIC "KP.02"]
[Time "19:01:16"]
[TimeControl "180+0"]

1. e4 e5 2. Nf3 Nc6 3. d4 exd4 4. Bc4 Nf6 5. e5 d5 6. Bb5 Ne4 7. Nxd4 Bd7 8.
Bxc6 bxc6 9. O-O Be7 10. f3 Nc5 11. f4 O-O 12. f5 f6 13. e6 Be8 14. Nc3 Bd6
15. Bf4 Rb8 16. b3 Be5 17. Qd2 Qd6 18. Rae1 Rb4 19. Bxe5 fxe5 20. Nde2 d4
21. Nb1 Ne4 22. Qd3 Nf6 23. Ng3 c5 24. a3 c4 25. Qf3 Bc6 26. Qe2 d3 27. cxd3
Qd4+ 28. Qe3 Rxb3 29. Qxd4 exd4 30. dxc4 Rb2 31. Rf2 Rfb8 32. Nd2 Ng4 33.
Rfe2 d3 34. e7 dxe2 35. Rxe2 Re8 36. h3 Nf6 37. Ngf1 Kf7 38. Re5 Rxe7 39.
Ra5 Re2 40. Rxa7 Rbxd2 41. Rxc7+ Bd7 42. Nxd2 Rxd2 43. c5 Ke7 44. c6 Kd8 45.
Rxd7+ Nxd7 46. cxd7 Kxd7 47. a4 Ke7 48. a5 Kf6 49. a6 Ra2 50. a7 Rxa7 51.
Kh2 Ra2 52. Kg1 Kxf5 53. Kh2 h5 54. h4 g5 55. Kh3 gxh4 56. Kxh4 Rxg2 57. Kh3
Rg4 58. Kh2 Kf4 59. Kh3 Kf3 60. Kh2 Kf2 61. Kh3 Rf4 62. Kh2 Rh4#
{White checkmated}
0-1

[Event "ICCopen2017"]
[Site "Internet Chess Club"]
[Date "2017.03.19"]
[Round "1"]
[White "leonardoalmeida"]
[Black "AbasovN"]
[Result "0-1"]
[ICCResult "White resigns"]
[WhiteElo "1780"]
[BlackElo "3135"]
[Opening "English opening"]
[ECO "A17"]
[NIC "EO.64"]
[Time "19:01:52"]
[TimeControl "180+0"]

1. c4 Nf6 2. Nc3 e6 3. g3 d5 4. cxd5 exd5 5. Bg2 d4 6. Ne4 Nxe4 7. Bxe4 Be7
8. d3 c5 9. Bg2 Nc6 10. Nf3 O-O 11. O-O Be6 12. b3 Rc8 13. Bb2 a5 14. Rc1
Qb6 15. Ba1 Rfd8 16. Qd2 Qa6 17. Ng5 Bd5 18. Bxd5 Rxd5 19. Ne4 b6 20. f4 Qb7
21. a3 Qd7 22. Rfe1 Re8 23. Nf2 Bf6 24. Ne4 Qe6 25. Nxf6+ gxf6 26. Kg2 f5
27. Kf2 Qh6 28. Kg2 Re3 29. b4 axb4 30. axb4 Nxb4 31. Rb1 Qc6 32. Kf2 Qh6
33. Kg2 Qc6 34. Kf2 Rd6 35. Rxb4 cxb4 36. Qxb4 Ree6 37. Bxd4 Rh6 38. h4 Rhe6
39. Be5 Rd8 40. Qb2 Qc5+ 41. Kg2 Qd5+ 42. Kf2 Qc5+ 43. Kg2 Qe3 44. Qc3 Rg6
45. d4 Rxg3+ 46. Kh2 Qxc3 {White resigns} 0-1

[Event "ICCopen2017"]
[Site "Internet Chess Club"]
[Date "2017.03.19"]
[Round "1"]
[White "canary2016"]
[Black "GreyWarden"]
[Result "0-1"]
[ICCResult "White forfeits on time"]
[WhiteElo "1466"]
[BlackElo "2009"]
[Opening "Four knights: double Ruy Lopez"]
[ECO "C49"]
[NIC "KP.03"]
[Time "19:01:57"]
[TimeControl "180+0"]

1. e4 e5 2. Nf3 Nc6 3. Nc3 Nf6 4. Bb5 Bb4 5. O-O d6 6. d4 Bxc3 7. bxc3 O-O
8. Re1 Bg4 9. h3 Bxf3 10. Qxf3 Qe7 11. Bxc6 bxc6 12. dxe5 Qxe5 13. Bf4 Qa5
14. a3 Rfe8 15. Kh1 Nd7 16. Bg3 Ne5 17. Bxe5 Rxe5 18. Qd3 Rae8 19. f3 f5 20.
Kh2 fxe4 21. fxe4 d5 22. Rf1 Rxe4 23. Rf3 Qc5 24. a4 Re3 25. Rxe3 Qxe3 26.
Qxe3 Rxe3 27. Ra3 d4 28. Rb3 Rxc3 29. Rb8+ Kf7 30. Rb7 Rxc2 31. Rxc7+ Kf6
32. Rxa7 c5 33. a5 d3 34. a6 c4 35. Rb7 Ra2 {White forfeits on time} 0-1

[Event "ICCopen2017"]
[Site "Internet Chess Club"]
[Date "2017.03.19"]
[Round "1"]
[White "UnderArmour"]
[Black "Trinity8"]
[Result "1-0"]
[ICCResult "Black forfeits on time"]
[WhiteElo "1897"]
[BlackElo "1366"]
[Opening "Giuoco Pianissimo"]
[ECO "C55"]
[NIC "IG.01"]
[Time "19:02:05"]
[TimeControl "180+0"]

1. e4 e5 2. Nf3 Nc6 3. Bc4 Nf6 4. d3 Bc5 5. c3 a6 6. O-O O-O 7. h3 h6 8. Re1
d6 9. Bb3 Ba7 10. Nbd2 Ne7 11. Nf1 Ng6 12. Ng3 Be6 13. Bc2 c6 14. d4 Qc7 15.
Nf5 Bxf5 16. exf5 Nf4 17. dxe5 dxe5 18. Nxe5 Rad8 19. Qf3 N4d5 20. a3 Rfe8
21. Nd3 Rxe1+ 22. Nxe1 Re8 23. Bd2 Qe5 24. c4 Bb8 25. g3 Qxb2 26. Rb1 Rxe1+
27. Rxe1 Qxc2 28. cxd5 Qxd2 29. Rd1 Qa5 30. dxc6 bxc6 31. Qxc6 Qxf5 32. Rd8+
Kh7 33. Rxb8 Qxh3 34. Qc2+ g6 35. Qc3 Qe6 36. Qc8 Qe1+ 37. Kg2 Qe4+ 38. Kh2
Ng4+ 39. Kh3 Nxf2+ 40. Kh2 Ng4+ 41. Kg1 Qe1+ 42. Kg2 Qf2+ 43. Kh3
{Black forfeits on time}
1-0

[Event "ICCopen2017"]
[Site "Internet Chess Club"]
[Date "2017.03.19"]
[Round "1"]
[White "biljanic"]
[Black "notetengomiedo"]
[Result "0-1"]
[ICCResult "White forfeits on time"]
[WhiteElo "2049"]
[BlackElo "1532"]
[Opening "Grünfeld: 5.e3"]
[ECO "D94"]
[NIC "GI.03"]
[Time "19:01:17"]
[TimeControl "180+0"]

1. d4 Nf6 2. c4 g6 3. Nc3 d5 4. e3 Bg7 5. Nf3 c5 6. dxc5 Qa5 7. Qa4+ Qxa4 8.
Nxa4 dxc4 9. Bxc4 Bd7 10. Nc3 Na6 11. Bxa6 bxa6 12. O-O O-O 13. e4 Bc6 14.
Re1 Rfd8 15. Ne5 Bb5 16. Nxb5 axb5 17. Nc6 Rd7 18. e5 Nd5 19. Na5 Rc7 20.
Nb3 a5 21. a4 Nb4 22. Re2 Nd3 23. axb5 Nxc5 24. b6 Nxb3 25. bxc7 Nxa1 26.
Rd2 Bxe5 27. Rd8+ Kg7 28. Rxa8 Bxc7 29. b4 Nb3 30. Bb2+ f6 31. b5 Kf7 32.
Rc8 Bb6 33. Rc6 Bc5 34. b6 a4 35. b7 Ba7 36. Ra6 Bb8 37. Ra8 Bd6 38. b8=Q
Bxb8 39. Rxb8 Nd2 40. Ba3 Nc4 41. Bb4 a3 42. Rb7 a2 43. Ra7 a1=Q+ 44. Rxa1
e5 45. Ra7+ Ke6 46. Bc3 Kd5 47. h3 Nd6 48. Rxh7 Nb5 49. Rh6 Nxc3 50. Rxg6
Ne4 51. Rg4 f5 52. Rh4 Nf6 53. Rh6 Ne4 54. Rg6 Nc3 55. h4 Ke4 56. Kh2 Nd5
57. h5 Ne7 58. h6 Nxg6 59. Kh3 Nh8 60. Kh4 Kf4 61. Kh5 e4 62. g3+ Ke5 63.
Kg5 Ke6 {White forfeits on time} 0-1

[Event "ICCopen2017"]
[Site "Internet Chess Club"]
[Date "2017.03.19"]
[Round "1"]
[White "Bozhenka"]
[Black "Eigeneier"]
[Result "1-0"]
[ICCResult "Black resigns"]
[WhiteElo "2863"]
[BlackElo "1743"]
[Opening "King's Indian: fianchetto, Panno variation"]
[ECO "E63"]
[NIC "KI.70"]
[Time "19:01:30"]
[TimeControl "180+0"]

1. Nf3 Nf6 2. c4 g6 3. g3 Bg7 4. Bg2 O-O 5. d4 d6 6. O-O Nc6 7. Nc3 a6 8. h3
Rb8 9. e4 e5 10. Be3 b5 11. d5 Ne7 12. cxb5 axb5 13. b4 Bd7 14. Nd2 Ne8 15.
Rc1 f5 16. exf5 gxf5 17. f4 e4 18. Nb3 Ra8 19. Nd4 Nf6 20. Qb3 Kh8 21. Ndxb5
Rb8 22. a4 Nh5 23. Kh2 Rg8 24. Bf2 Bf6 25. Ne2 Rc8 26. Nbd4 Ra8 27. b5 Ng7
28. Rc2 h5 29. h4 Ne8 30. Rfc1 Bg7 31. Bh3 Rf8 32. a5 Nc8 33. Ne6 Bxe6 34.
dxe6 Rxa5 35. Nd4 Ne7 36. Be3 Ra8 37. Rc3 Rb8 38. R3c2 Rg8 39. Nxf5 Nxf5 40.
Bxf5 Bf6 41. Bf2 Qe7 42. Bxe4 Qg7 43. Qf3 Qh6 44. Bd3 Be7 45. Rxc7 Rg7 46.
Rc8 Rxc8 47. Rxc8 Rg8 48. Bd4+ Bf6 49. Rxe8 Bxd4 50. Rxg8+ Kxg8 51. e7 Qg7
52. e8=Q+ Qf8 53. Qg6+ {Black resigns} 1-0

[Event "ICCopen2017"]
[Site "Internet Chess Club"]
[Date "2017.03.19"]
[Round "1"]
[White "cap78red"]
[Black "uggi"]
[Result "1-0"]
[ICCResult "Black forfeits on time"]
[WhiteElo "1404"]
[BlackElo "1900"]
[Opening "English opening"]
[ECO "A16"]
[NIC "EO.64"]
[Time "19:01:21"]
[TimeControl "180+0"]

1. c4 Nf6 2. Nc3 g6 3. e4 d6 4. d3 Bg7 5. f4 O-O 6. Nf3 c5 7. Be2 Nc6 8. O-O
b6 9. f5 gxf5 10. exf5 Bxf5 11. Nh4 Bg6 12. Nf5 Nd4 13. Nxg7 Kxg7 14. Bg5
Ng8 15. Nd5 f6 16. Be3 e6 17. Bxd4 exd5 18. Be3 d4 19. Bf4 d5 20. Bf3 dxc4
21. Bxa8 Qxa8 22. dxc4 Re8 23. Qd2 Qc6 24. Rae1 Re4 25. Rxe4 Bxe4 26. Qf2
Ne7 27. Bd2 Ng6 28. h4 h5 29. Qg3 Qd7 30. Qf2 f5 31. Bg5 Qe6 32. Qd2 Qxc4
33. Bh6+ Kf7 34. Qe1 Qd3 35. Bg5 Bd5 36. Qf2 Be4 37. Re1 Ke6 38. Bf4 Nxf4
39. Qxf4 Qc2 40. Qh6+ Kd5 41. Qg5 Qxb2 42. Qd8+ Kc6 43. Qe8+ Kb7 44. Rxe4
{Black forfeits on time}
1-0

[Event "ICCopen2017"]
[Site "Internet Chess Club"]
[Date "2017.03.19"]
[Round "1"]
[White "pabrazilian"]
[Black "KH"]
[Result "0-1"]
[ICCResult "White forfeits on time"]
[WhiteElo "1411"]
[BlackElo "2043"]
[Opening "Robatsch (modern) defense"]
[ECO "B06"]
[NIC "KF.06"]
[Time "19:02:02"]
[TimeControl "180+0"]

1. e4 g6 2. f4 Nf6 3. d3 d5 4. e5 Nh5 5. Nf3 Bg4 6. d4 e6 7. Be2 c5 8. c3
Nc6 9. O-O Qb6 10. h3 Bxf3 11. Bxf3 Ng3 12. Re1 cxd4 13. cxd4 Nxd4 14. Be3
Ngf5 15. Qa4+ Qc6 16. Qxc6+ bxc6 17. Nd2 Nc2 18. Bf2 Nxa1 19. Rxa1 c5 20. b3
Be7 21. Be2 a6 22. a4 Kd7 23. Rb1 Rhb8 24. Bd3 Rb7 25. g4 Ng7 26. Kg2 Ne8
27. Kg1 f6 28. Bg3 Rb6 29. f5 gxf5 30. gxf5 fxe5 31. fxe6+ Kxe6 32. Bxh7 Nf6
33. Bg6 Rg8 34. Kh2 Rxg6 35. Rf1 Nh5 36. Bf2 Bd6 37. h4 e4+ 38. Kh1 Nf4 39.
Be3 Nd3 40. Bg5 Be5 41. Rf8 Rb7 42. Re8+ Kf5 43. Rf8+ Kg4 44. Rf1 Kh5 45.
Kg2 e3 46. Nf3 Rxb3 47. Nxe5 Nxe5 48. Rf8 d4 49. Rh8+ Kg4 50. Re8 Rb2+ 51.
Kf1 Nf3 52. Re4+ Kh5 {White forfeits on time} 0-1

[Event "ICCopen2017"]
[Site "Internet Chess Club"]
[Date "2017.03.19"]
[Round "1"]
[White "blackending"]
[Black "BrentMusburger"]
[Result "0-1"]
[ICCResult "White forfeits on time"]
[WhiteElo "1570"]
[BlackElo "2367"]
[Opening "Sicilian: Labourdonnais-Löwenthal (Kalashnikov) variation"]
[ECO "B32"]
[NIC "SI.32"]
[Time "19:01:52"]
[TimeControl "180+0"]

1. e4 c5 2. Nf3 Nc6 3. d4 cxd4 4. Nxd4 e5 5. Nb5 d6 6. N1c3 a6 7. Na3 b5 8.
Nd5 Nge7 9. Bd3 Nxd5 10. exd5 Nd4 11. c3 Nf5 12. O-O g6 13. Re1 Bg7 14. f4
O-O 15. fxe5 Bxe5 16. Qf3 Bxh2+ 17. Kxh2 Qh4+ 18. Qh3 Qxe1 19. Bg5 Qe5+ 20.
Kg1 f6 21. Bd2 Ne7 22. Qh6 Qxd5 23. Qe3 Bb7 24. Qg3 Nf5 25. Bxf5 Qxf5 26.
Rf1 Qc5+ 27. Kh2 Qe5 28. Bf4 Qh5+ 29. Kg1 Rac8 30. Bxd6 Rf7 31. Bf4 Qd5 32.
Be3 Re8 33. Bd4 Qxg2+ 34. Qxg2 Bxg2 {White forfeits on time} 0-1

[Event "ICCopen2017"]
[Site "Internet Chess Club"]
[Date "2017.03.19"]
[Round "1"]
[White "Anneay"]
[Black "iragefree"]
[Result "1-0"]
[ICCResult "Black resigns"]
[WhiteElo "2546"]
[BlackElo "1648"]
[Opening "Sicilian: modern Scheveningen, main line"]
[ECO "B83"]
[NIC "SI.19"]
[Time "19:03:15"]
[TimeControl "180+0"]

1. e4 c5 2. Nf3 e6 3. d4 cxd4 4. Nxd4 Nf6 5. Nc3 d6 6. Be2 Be7 7. O-O O-O 8.
Be3 Nc6 9. f4 a6 10. Kh1 Qc7 11. Qe1 Re8 12. Qg3 Kh8 13. Rae1 Bd7 14. Bd3
Nxd4 15. Bxd4 Bc6 16. e5 Nd5 17. f5 Bf8 18. f6 g6 19. Qh4 Nxc3 20. Bxc3 d5
21. Re3 h5 22. Qg5 Kh7 23. Qxh5+ Kg8 24. Bxg6 {Black resigns} 1-0